 Dungeon Crawl Stone Soup version 0.28.0-53-g5a82cb258f (webtiles) character file.

Game seed: 10998847522769420887

22 Gabide the Skirmisher (level 2, -8/24 HPs)
             Began as a Mummy Berserker on June 19, 2022.
             Was a Follower of Trog.
             Mangled by Natasha (13 damage)
             ... on level 2 of the Dungeon.
             The game lasted 00:00:48 (1446 turns).

Gabide the Skirmisher (Mummy Berserker)             Turns: 1446, Time: 00:00:49

Health: -8/24      AC:  6    Str: 20    XL:     2   Next: 68%
Magic:  2/2        EV: 11    Int:  6    God:    Trog [*.....]
Gold:   56         SH:  0    Dex: 11    Spells: 1/1 levels left

rFire   x . .      SeeInvis .     - Unarmed
rCold   + . .      Faith    .   (no shield)
rNeg    + + +      Spirit   .   d - +0 ring mail
rPois   ∞          Reflect  .   (no helmet)
rElec   .          Harm     .   (no cloak)
rCorr   .          Rampage  .   (no gloves)
Will    .....                   c - +0 pair of boots
Stlth   +.........              (no amulet)
HPRegen 0.08/turn               (no ring)
MPRegen 0.08/turn               (no ring)

@: slowed, very slow
A: cold resistance 1, negative energy resistance 3, torment resistance 2, heat
vulnerability 1, no potions
a: Renounce Religion


You were on level 2 of the Dungeon.
You worshipped Trog.
Trog was aware of your devotion.
You visited 1 branch of the dungeon, and saw 2 of its levels.

You collected 56 gold pieces.

Inventory:

Armour
 c - a +0 pair of boots (worn)
 d - a +0 ring mail (worn)
Scrolls
 b - a scroll of teleportation


   Skills:
 + Level 3.5 Fighting
 - Level 1.5 Armour
 - Level 1.5 Dodging
 + Level 2.9 Unarmed Combat


You had one spell level left.
You didn't know any spells.
Your spell library was empty.

Dungeon Overview and Level Annotations

Branches:
Dungeon (2/15)

Altars:

Annotations:
D:2 Natasha


Innate Abilities, Weirdness & Mutations

You are immune to poison.
Your flesh is cold resistant. (rC+)
You are immune to negative energy. (rN+++)
You are immune to unholy pain and torment.
You are vulnerable to heat. (rF-)
You do not drink.


Message History

No target in view!
Natasha, Servant of Life and Death comes into view.
Natasha hisses angrily.
There is an open door here.
Natasha is nearby!
Natasha hisses.
You barely miss Natasha.
Natasha drinks a potion.
Natasha seems to grow stronger.
You punch Natasha!
Natasha is heavily wounded.
Natasha casts a spell at you.
You feel yourself slow down.
You miss Natasha.
Natasha is heavily wounded.
Natasha casts a spell at you.
You feel as though you will be slow longer.
You barely miss Natasha.
Natasha is heavily wounded.
Natasha claws you! x2
Ouch! That really hurt!
* * * LOW HITPOINT WARNING * * *
You are too injured to fight recklessly!
You are too injured to fight recklessly!
You are too injured to fight recklessly!
You are too injured to fight recklessly!
You are too injured to fight recklessly!
You are too injured to fight recklessly!
You are too injured to fight recklessly!
You are too injured to fight recklessly!
You are too injured to fight recklessly!
You are too injured to fight recklessly!
You are too injured to fight recklessly!
You are too injured to fight recklessly!
Okay, then.
As you read the scroll labelled SAUSAVA KAYLEC, it crumbles to dust.
It is a scroll of identify.
b - a scroll of teleportation Natasha claws you!
Ouch! That really hurt!
You die...

##...##
#.....#
##...## ##.##
#.# #.# ##'##
##(..##
#....@#
#.....h.#
#.........#
+..>........
#..........#.
##.......#.#
..
##.....##.# .
##...## .#


You could see Natasha (strong).

Vanquished Creatures
  A worm (D:2)
  A bat (D:1)
  3 endoplasms (D:1)
  4 hobgoblins
  A quokka (D:1)
  3 ball pythons
  2 frilled lizards (D:1)
  2 kobolds
  A rat (D:1)
18 creatures vanquished.

Notes
Turn   | Place    | Note
-------+----------+-------------------------------------------
     0 | D:1      | Gabide the Mummy Berserker began the quest for the Orb.
     0 | D:1      | Reached XP level 1. HP: 18/18 MP: 1/1
   353 | D:1      | Reached XP level 2. HP: 12/24 MP: 2/2
  1439 | D:2      | Noticed Natasha
  1446 | D:2      | Mangled by Natasha

Illustrated notes

Levels and vault maps discovered:
D:1:      lightli_arrival_quake, layout_basic
D:2:      layout_loops_corners, nrook_campfire, uniq_natasha

Action                   || total
-------------------------++-------
Melee: Unarmed           ||    68
       Punch             ||     3
  Use: Scroll            ||     1
Armor: Animal skin       ||     8
       Ring mail         ||     5
Dodge: Dodged            ||    45
